 Dungeon Crawl Stone Soup version 0.21.0-3-g78d12a8 (webtiles) character file.

250391 theanonym the Executioner (level 19, -37/182 HPs)
             Began as a Purple Draconian Gladiator on Jan 13, 2018.
             Was an Elder of Qazlal.
             Annihilated by a death knight
             ... wielding a +1 broad axe
              (51 damage)
             ... while paralysed by a great orb of eyes
             ... on level 2 of the Vaults.
             The game lasted 01:56:46 (46797 turns).

theanonym the Executioner (DrGl)                   Turns: 46797, Time: 01:56:46

Health: -37/182    AC: 21    Str: 16    XL:     19   Next: 30%
Magic:  14/26      EV:  2    Int: 19    God:    Qazlal [****..]
Gold:   428        SH:  0    Dex: 17    Spells: 18/18 levels left

rFire    + . .     SeeInvis .   a - +9 executioner's axe (chop)
rCold    . . .     Gourm    .   (shield currently unavailable)
rNeg     . . .     Faith    .   (armour unavailable)
rPois    .         Spirit   .   T - +1 hat
rElec    +         Reflect  +   l - +2 cloak "Gutavon" {MR+ Int+6}
rCorr    .         Harm     .   E - +2 pair of gloves
MR       ++...                  i - +0 pair of boots
Stlth    +.........             o - +5 amulet of reflection
HPRegen  0.40/turn              R - +3 ring of protection
MPRegen  0.20/turn              H - ring "Wawaamp" {rElec rF+ MR+}

@: paralysed, vulnerable, drained, repel missiles
A: breathe power, unfitting armour, cold-blooded, AC +10
}: 1/15 runes: serpentine
a: Breathe Dispelling Energy, Upheaval, Elemental Force, Renounce Religion


Innate Abilities, Weirdness & Mutations

You can breathe bolts of dispelling energy.
Your rich purple scales are hard. (AC +10)
You cannot fit into any form of body armour.
You are cold-blooded and may be slowed by cold attacks.


   Skills:
 + Level 19.0(18.7) Fighting
 + Level 21.4(21.0) Axes
 - Level 1.7(1.5) Throwing
 + Level 14.1(13.8) Dodging
 - Level 10.8(10.6) Shields
 - Level 10.0(9.7) Invocations


You had 18 spell levels left.
You didn't know any spells.

Skill      XL: |  1  2  3  4  5  6  7  8  9 10 11 12 13 14 15 16 17 18 19 |
---------------+----------------------------------------------------------+-----
Fighting       | 3 4 5 6 8 9 11 12 13 14 15 16 17 18 19 | 19.0
Axes           | 4 5 6 7 9 10 12 13 15 16 18 19 20 21 | 21.4
Dodging        | 3 4 5 6 8 9 10 11 12 13 14 | 14.1
Invocations    | 4 7 8 9 10 | 10.0
Shields        | 6 10 | 10.8
Throwing       | |  1.7

Action                   |  1- 3 |  4- 6 |  7- 9 | 10-12 | 13-15 | 16-18 | 19-21 || total
-------------------------+-------+-------+-------+-------+-------+-------+-------++-------
Melee: War axe           |    89 |    89 |   140 |       |       |       |       ||   318
       Tailslap          |     9 |    15 |    33 |   102 |   147 |   277 |    16 ||   599
       Battleaxe         |       |       |   150 |   334 |       |       |       ||   484
       Executioner's axe |       |       |       |   268 |   955 |   605 |   114 ||  1942
       Broad axe         |       |       |       |       |       |   828 |       ||   828
Throw: Throwing net      |       |     2 |     3 |     2 |       |     3 |       ||    10
Invok: Upheaval          |       |       |       |    11 |     4 |     5 |     1 ||    21
       Elemental Force   |       |       |       |     2 |     6 |    15 |     2 ||    25
       Disaster Area     |       |       |       |       |       |     3 |       ||     3
 Abil: Breathe Dispellin |       |       |    11 |    31 |    26 |    29 |     1 ||    98
Evoke: Wand              |       |       |     5 |    12 |     7 |    19 |     3 ||    46
       Lamp of fire      |       |       |       |       |       |     3 |     1 ||     4
  Use: Scroll            |       |     8 |    11 |    10 |    11 |    17 |       ||    57
       Potion            |       |       |       |     2 |     3 |    28 |       ||    33
 Stab: Sleeping          |     1 |     1 |       |       |       |       |       ||     2
       Held in net/web   |       |     2 |     3 |       |       |     6 |       ||    11
       Confused          |       |       |       |     4 |       |     2 |     3 ||     9
       Paralysed         |       |       |       |       |     1 |       |     3 ||     4
       Distracted        |       |       |       |       |       |     5 |       ||     5
  Eat: Chunk             |     1 |     2 |     9 |    25 |    20 |    13 |     1 ||    71
       Ration            |       |     1 |     1 |     4 |     9 |    14 |     1 ||    30
Armor: Skin              |    24 |    31 |    74 |   117 |   220 |   191 |    17 ||   674
Dodge: Dodged            |    71 |    73 |   165 |   344 |   663 |   807 |    54 ||  2177
       Deflected         |       |       |       |    10 |    15 |    98 |     2 ||   125
Block: Other             |       |     1 |    85 |   278 |   573 |   416 |    45 ||  1398
       Reflection        |       |       |     4 |    13 |    19 |   197 |     9 ||   242
       Shield            |       |       |       |       |       |   701 |       ||   701

Inventory:

Hand Weapons
 a - a +9 executioner's axe of chopping (weapon)
   (You acquired it on level 1 of the Orcish Mines)
 Q - a +2 broad axe of draining
   (You took it off a vault warden on level 1 of the Vaults)
Missiles
 n - a throwing net (quivered)
Armour
 i - a +0 pair of boots (worn)
   (You found it on level 2 of the Dungeon)
 l - the +2 cloak "Gutavon" (worn) {MR+ Int+6}
   (You acquired it on level 13 of the Dungeon)

   It affects your intelligence (+6).
   It affects your resistance to hostile enchantments.
 E - a +2 pair of gloves (worn)
   (You found it on level 1 of the Lair of Beasts)
 T - a +1 hat (worn)
   (You took it off Gastronok on level 1 of the Lair of Beasts)
 U - a +2 shield
   (You took it off a naga warrior on level 4 of the Snake Pit)
Jewellery
 j - an uncursed ring of protection from fire {rF+}
   (You found it on level 6 of the Dungeon)
 o - a +5 amulet of reflection (around neck)
   (You found it on level 1 of the Dungeon)
 H - the ring "Wawaamp" (right hand) {rElec rF+ MR+}
   (You took it off a centaur on level 7 of the Dungeon)

   [ring of protection from fire]

   It protects you from fire.
   It insulates you from electricity.
   It affects your resistance to hostile enchantments.
 J - an uncursed ring of positive energy {rN+rN+}
   (You took it off a gnoll on level 8 of the Dungeon)
 R - a +3 ring of protection (left hand)
   (You took it off a skeletal warrior on level 13 of the Dungeon)
 S - an uncursed ring of ice {rC+ rF-}
   (You took it off Fannar on level 1 of the Lair of Beasts)
 X - an uncursed ring of resist corrosion {unknown}
   (You found it on level 1 of the Vaults)
Wands
 d - a wand of digging (21)
   (You found it on level 10 of the Dungeon)
 v - a wand of acid (14)
   (You found it on level 9 of the Dungeon)
 C - a wand of iceblast (22)
   (You found it on level 3 of the Dungeon)
 D - a wand of scattershot (5)
   (You found it on level 6 of the Dungeon)
 N - a wand of paralysis (17)
   (You took it off Erolcha on level 1 of the Orcish Mines)
 P - a wand of disintegration (16)
   (You found it on level 13 of the Dungeon)
Scrolls
 f - a scroll of fog
 g - a scroll of silence
 m - 5 scrolls of enchant armour
 r - 18 scrolls of identify
 s - 3 scrolls of fear
 t - 11 scrolls of teleportation {!r}
 x - 6 scrolls of immolation
 y - a scroll of magic mapping
 A - 9 scrolls of amnesia
 M - 5 scrolls of remove curse
 V - a scroll of summoning
Potions
 h - a potion of flight
 p - 5 potions of cancellation
 q - 3 potions of heal wounds
 u - 3 potions of mutation
 w - 6 potions of curing
 z - 10 potions of brilliance
 F - 2 potions of berserk rage
 G - a potion of lignification
 I - a potion of ambrosia
 K - a potion of invisibility
 L - 3 potions of resistance {rF+ rC+}
 O - 2 potions of haste
 W - 4 potions of magic
 Y - 3 potions of agility
Books
 k - a Necronomicon
   (You found it on level 1 of the Lair of Beasts)
Miscellaneous
 B - 2 phantom mirrors
 Z - a lamp of fire
   (You found it on level 6 of the Lair of Beasts)
Comestibles
 b - 5 chunks of flesh
 e - 32 rations


You were on level 2 of the Vaults.
You worshipped Qazlal.
Qazlal was greatly pleased with you.
You were not hungry.

You visited 7 branches of the dungeon, and saw 33 of its levels.

You collected 3600 gold pieces.
You spent 3172 gold pieces at shops.

Dungeon Overview and Level Annotations

Branches:
Dungeon (15/15)            Temple (1/1) D:4            Lair (6/6) D:9
 Shoals (3/4) Lair:3        Snake (4/4) Lair:3        Slime (0/5) Lair:6
    Orc (2/2) D:11            Elf (0/3) Orc:2        Vaults (2/5) D:13
 Depths (0/5) D:15
  Crypt: Vaults:2-3

Altars:
Ashenzari
Cheibriados
Dithmenos
Elyvilon
Fedhas
Gozag
Hepliaklqana
Kikubaaqudgha
Makhleb
Nemelex Xobeh
Okawaru
Qazlal
Ru
Sif Muna
Trog
Uskayaw
Vehumet
Wu Jian
Xom
Yredelemnul
Zin
The Shining One
Beogh
Jiyva

Shops:
D:8 *?!*(   D:11 (   D:13 *   Orc:2 }[?*   Shoals:2 *   Snake:2 ?

Portals:
Pandemonium: Orc:2

#...............#............#.
#...............#(...........#.
#...............#............#.
#...............#..(([.......#.
#...............####'#########.
#..................))(.........
#............§§....))..........
#........(..op§.§..............
#.........D.Gp@.§..............
########'#########.....########
#...#...# #..(.(# #..... .
#...#...# #.....# #.....
...##'##...# #.....# #.....
#.....#### #.....# #.....
#...C.# #..... +.p.p.+ ######
#...G.#


You could see a storm dragon, a death knight, an orc knight, a great orb of eyes
and an ironbrand convoker.

Notes
Turn   | Place    | Note
-------+----------+-------------------------------------------
     0 | D:1      | theanonym the Draconian Gladiator began the quest for the Orb.
     0 | D:1      | Reached XP level 1. HP: 17/17 MP: 1/1
   158 | D:1      | Reached XP level 2. HP: 25/25 MP: 2/2
   719 | D:2      | Reached XP level 3. HP: 20/30 MP: 3/3
  1054 | D:3      | Reached skill level 3 in Fighting
  1054 | D:3      | Reached skill level 4 in Axes
  1067 | D:3      | HP: 14/31 [leopard gecko (4)]
  1172 | D:3      | Reached XP level 4. HP: 35/38 MP: 4/4
  1277 | D:3      | Noticed a bullfrog
  1400 | D:3      | Killed a bullfrog
  1400 | D:3      | Reached skill level 3 in Dodging
  1400 | D:3      | Reached XP level 5. HP: 40/46 MP: 5/5
  1402 | D:3      | Reached skill level 5 in Axes
  1636 | D:4      | Reached skill level 4 in Fighting
  1716 | D:4      | Found an iron altar of Okawaru.
  1724 | D:4      | Found a staircase to the Ecumenical Temple.
  1735 | Temple   | Entered the Ecumenical Temple
  1993 | D:4      | Reached XP level 6. HP: 52/52 MP: 6/6
  2083 | D:4      | Found a stormy altar of Qazlal.
  2083 | D:4      | Found a shattered altar of Ashenzari.
  2083 | D:4      | Found a snail-covered altar of Cheibriados.
  2117 | D:4      | Became a worshipper of Qazlal Stormbringer
  2421 | D:5      | Entered Level 5 of the Dungeon
  2447 | D:5      | HP: 21/52 [orc priest/divine providence (17)]
  2456 | D:5      | HP: 18/52 [orc wizard/puff of flame (4)]
  2654 | D:5      | Noticed Pikel
  2654 | D:5      | Noticed a slave
  2654 | D:5      | Noticed a slave
  2654 | D:5      | Noticed a slave
  2654 | D:5      | Noticed a slave
  2666 | D:5      | Killed Pikel
  2666 | D:5      | Reached skill level 5 in Fighting
  2666 | D:5      | Reached skill level 6 in Axes
  2666 | D:5      | Reached skill level 4 in Dodging
  2666 | D:5      | Your scales start taking on a rich purple colour.
  2666 | D:5      | Reached XP level 7. HP: 57/61 MP: 7/7
  2711 | D:5      | Reached skill level 7 in Axes
  3021 | D:5      | Reached XP level 8. HP: 58/69 MP: 8/8
  3272 | D:5      | theanonym: ??purple draconian
  3272 | D:5      | beem: purple draconian[1/1]: A form of draconian that has an affinity for spellcasting. Player character gets +1 aptitude in Spellcasting/Charms/Hexes/Evocations, and higher magic resistance than other draconians. Breath weapon is a bolt that dispels buffs.
  3422 | D:5      | Noticed Eustachio
  3433 | D:5      | Killed Eustachio
  3433 | D:5      | Reached skill level 6 in Fighting
  3433 | D:5      | Reached skill level 8 in Axes
  3433 | D:5      | Reached skill level 5 in Dodging
  3657 | D:5      | Found a runed door.
  3661 | D:5      | Noticed Crazy Yiuf
  3667 | D:5      | Killed Crazy Yiuf
  3897 | D:6      | Reached * piety under Qazlal
  3961 | D:6      | Noticed Menkaure
  4449 | D:6      | Noticed Sigmund
  4453 | D:6      | Killed Sigmund
  4453 | D:6      | Reached skill level 9 in Axes
  4453 | D:6      | Reached XP level 9. HP: 78/78 MP: 9/9
  4730 | D:6      | HP: 38/78 [??? (36)]
  4731 | D:6      | Killed Menkaure
  4731 | D:6      | Reached skill level 7 in Fighting
  5083 | D:7      | Reached skill level 6 in Dodging
  5537 | D:7      | Reached ** piety under Qazlal
  5537 | D:7      | Reached skill level 10 in Axes
  5643 | D:7      | Got a clouded bronze ring
  5807 | D:8      | Noticed Erica
  5825 | D:8      | Killed Erica
  5825 | D:8      | Reached skill level 8 in Fighting
  5825 | D:8      | Reached XP level 10. HP: 61/88 MP: 10/10
  6071 | D:8      | Found Ylla's Magic Scroll Boutique.
  6075 | D:8      | Found Tibueq's General Store.
  6091 | D:8      | Noticed a two-headed ogre
  6093 | D:8      | Found Pikkena's Distillery.
  6099 | D:8      | Killed a two-headed ogre
  6099 | D:8      | Reached skill level 11 in Axes
  6099 | D:8      | Reached skill level 1 in Invocations
  6105 | D:8      | Reached skill level 2 in Invocations
  6109 | D:8      | Found Zoosutul's General Store.
  6221 | D:8      | Bought a potion of heal wounds for 65 gold pieces
  6221 | D:8      | Bought a potion of lignification for 39 gold pieces
  6221 | D:8      | Bought a potion of resistance for 130 gold pieces
  6221 | D:8      | Bought a potion of curing for 39 gold pieces
  6245 | D:8      | Bought a scroll of identify for 26 gold pieces
  6245 | D:8      | Bought a scroll of identify for 26 gold pieces
  6246 | D:8      | Identified the ring "Wawaamp" {rElec rF+ MR+} (You took it off a centaur on level 7 of the Dungeon)
  6262 | D:8      | Bought a scroll of blinking for 82 gold pieces
  6324 | D:8      | Found Jiuch's Weapon Shop.
  6833 | D:9      | Reached *** piety under Qazlal
  6859 | D:9      | Found a staircase to the Lair.
  6887 | D:9      | Reached skill level 9 in Fighting
  6887 | D:9      | Reached skill level 3 in Invocations
  7397 | D:9      | Noticed Joseph
  7401 | D:9      | Reached skill level 4 in Invocations
  7409 | D:9      | Reached skill level 12 in Axes
  7416 | D:9      | Killed Joseph
  7609 | D:10     | Entered Level 10 of the Dungeon
  7929 | D:10     | Reached XP level 11. HP: 87/99 MP: 14/14
  8202 | D:11     | HP: 49/99 [cyclops (19)]
  8418 | Lair:1   | Entered Level 1 of the Lair of Beasts
  8418 | Lair:1   | Noticed an oklob plant
  8418 | Lair:1   | Noticed an oklob plant
  8418 | Lair:1   | Noticed an oklob plant
  8430 | Lair:1   | Noticed a five-headed hydra
  8443 | D:9      | HP: 47/99 [yak (10)]
  8445 | D:9      | Reached skill level 5 in Invocations
  8448 | D:9      | HP: 28/99 [poisoned by a spiny frog]
  8454 | D:9      | HP: 27/99 [poisoned by a spiny frog]
  8462 | D:9      | HP: 27/99 [poisoned by a spiny frog]
  8470 | D:9      | HP: 27/99 [poisoned by a spiny frog]
  8810 | D:11     | Reached skill level 10 in Fighting
  8814 | D:11     | Noticed a green ugly thing
  8824 | D:11     | HP: 36/99 [green ugly thing (15)]
  8825 | D:11     | Killed a green ugly thing
  8829 | D:11     | HP: 34/100 [something (1)]
  8830 | D:11     | Reached skill level 13 in Axes
  8833 | D:11     | Reached skill level 6 in Invocations
  9221 | D:11     | Found a staircase to the Orcish Mines.
  9257 | D:11     | Found Wallim's Weapon Shoppe.
  9631 | Orc:1    | Entered Level 1 of the Orcish Mines
  9634 | Orc:1    | Found a roughly hewn altar of Beogh.
  9984 | Orc:1    | Identified a scroll of acquirement
 10092 | Orc:1    | Reached **** piety under Qazlal
 10316 | D:12     | Noticed a white ugly thing
 10331 | D:11     | Killed a white ugly thing
 10381 | D:12     | HP: 48/101 [yak (16)]
 10384 | D:12     | Reached skill level 7 in Invocations
 10384 | D:12     | HP: 22/101 [yak (12)]
 10708 | D:12     | HP: 45/101 [troll (19)]
 10709 | D:12     | Reached skill level 11 in Fighting
 10806 | D:12     | Reached XP level 12. HP: 78/110 MP: 17/17
 11152 | D:12     | Reached skill level 14 in Axes
 11179 | D:12     | Reached ***** piety under Qazlal
 11642 | D:13     | Noticed a two-headed ogre
 11652 | D:13     | Killed a two-headed ogre
 11797 | D:13     | Reached skill level 8 in Invocations
 11881 | D:13     | Reached skill level 7 in Dodging
 11937 | D:13     | HP: 55/110 [soldier ant (1)]
 11942 | D:13     | HP: 50/110 [poisoned by a soldier ant]
 11947 | D:13     | HP: 47/110 [poisoned by a soldier ant]
 11952 | D:13     | HP: 45/110 [poisoned by a soldier ant]
 11959 | D:13     | HP: 44/110 [poisoned by a soldier ant]
 11966 | D:13     | HP: 44/110 [poisoned by a soldier ant]
 11974 | D:13     | HP: 44/110 [poisoned by a soldier ant]
 12183 | D:13     | Noticed a two-headed ogre
 12187 | D:13     | Killed a two-headed ogre
 12234 | D:13     | Found a gate to the Vaults.
 12569 | D:13     | Found Zeibeitt's General Store.
 12609 | D:13     | HP: 46/111 [skeletal warrior/halberd[a skeletal warrior] (24)]
 12626 | D:13     | Noticed a two-headed ogre
 12898 | Orc:2    | Entered Level 2 of the Orcish Mines
 12916 | Orc:2    | Noticed an orc high priest
 12934 | Orc:2    | HP: 45/112 [ogre/giant spiked club (17)]
 12939 | Orc:2    | HP: 44/112 [poisoned by an orc warrior]
 12946 | Orc:2    | HP: 32/112 [poisoned by an orc warrior]
 12952 | Orc:2    | Killed an orc high priest
 13256 | Orc:2    | Reached skill level 15 in Axes
 13506 | Orc:2    | Reached skill level 12 in Fighting
 13514 | Orc:1    | Noticed Erolcha
 13519 | Orc:1    | Noticed an ogre mage
 13519 | Orc:1    | Killed Erolcha
 13532 | Orc:2    | HP: 51/112 [orc knight/dire flail (25)]
 13535 | Orc:2    | HP: 21/112 [orc warrior/glaive[an orc knight] (31)]
 13977 | Orc:2    | Found a staircase to the Elven Halls.
 14135 | Orc:1    | Killed an ogre mage
 14286 | Orc:1    | Found a roughly hewn altar of Beogh.
 14293 | Orc:1    | Reached skill level 8 in Dodging
 14430 | Orc:2    | Noticed Rupert
 14451 | Orc:2    | Killed Rupert
 14451 | Orc:2    | Reached XP level 13. HP: 70/118 MP: 19/19
 14757 | Orc:2    | HP: 59/119 [orc priest/divine providence (14)]
 15114 | Orc:2    | Found Oxyn Ijycre's General Store.
 15197 | Orc:2    | Found Minoutis's Magic Scroll Shop.
 15571 | Orc:2    | Bought a scroll of enchant weapon for 82 gold pieces
 15571 | Orc:2    | Bought a scroll of enchant weapon for 82 gold pieces
 15573 | Orc:2    | Bought a scroll of identify for 22 gold pieces
 15573 | Orc:2    | Bought a scroll of identify for 22 gold pieces
 15815 | Orc:2    | Reached skill level 16 in Axes
 15817 | Orc:2    | HP: 59/119 [torturous demonspawn/demon blade of venom (12)]
 15822 | Orc:2    | HP: 35/119 [poisoned by a torturous demonspawn]
 15827 | Orc:2    | HP: 31/119 [poisoned by a torturous demonspawn]
 15833 | Orc:2    | HP: 29/119 [poisoned by a torturous demonspawn]
 15840 | Orc:2    | HP: 28/119 [poisoned by a torturous demonspawn]
 15847 | Orc:2    | HP: 28/119 [poisoned by a torturous demonspawn]
 15855 | Orc:2    | HP: 28/119 [poisoned by a torturous demonspawn]
 16273 | Orc:2    | HP: 59/119 [poisoned by a torturous demonspawn]
 16278 | Orc:2    | HP: 53/119 [poisoned by a torturous demonspawn]
 16283 | Orc:2    | HP: 50/119 [poisoned by a torturous demonspawn]
 16288 | Orc:2    | HP: 47/119 [poisoned by a torturous demonspawn]
 16294 | Orc:2    | HP: 46/119 [poisoned by a torturous demonspawn]
 16300 | Orc:2    | HP: 46/119 [poisoned by a torturous demonspawn]
 16308 | Orc:2    | HP: 46/119 [poisoned by a torturous demonspawn]
 16634 | Orc:2    | Reached skill level 9 in Dodging
 16659 | Orc:2    | Reached skill level 13 in Fighting
 16803 | Orc:2    | Found Idghui's Gadget Emporium.
 16803 | Orc:2    | Found a one-way gate leading to the halls of Pandemonium.
 16803 | Orc:2    | Found Dicemiro's Antique Armour Shoppe.
 16939 | Lair:1   | Noticed Gastronok
 16950 | Lair:1   | Killed Gastronok
 16953 | Lair:1   | Noticed Fannar
 16965 | Lair:1   | Killed Fannar
 16988 | Lair:1   | HP: 61/122 [poisoned by a spiny frog]
 16993 | Lair:1   | HP: 36/122 [poisoned by a spiny frog]
 16999 | D:9      | HP: 34/122 [poisoned by a spiny frog]
 17007 | D:9      | HP: 33/122 [poisoned by a spiny frog]
 17015 | D:9      | HP: 33/122 [poisoned by a spiny frog]
 18204 | Lair:2   | Reached XP level 14. HP: 129/129 MP: 20/20
 19084 | Lair:2   | You fall through a shaft for 2 floors!
 19097 | Lair:4   | Reached skill level 17 in Axes
 19386 | Lair:3   | Found a staircase to the Snake Pit.
 19414 | Lair:3   | Found a staircase to the Shoals.
 19837 | Lair:3   | Reached skill level 10 in Dodging
 20334 | Lair:4   | HP: 54/130 [ten-headed hydra (13)]
 21253 | Lair:5   | Reached skill level 14 in Fighting
 22142 | Lair:6   | Entered Level 6 of the Lair of Beasts
 22203 | Lair:6   | HP: 54/132 [komodo dragon (17)]
 22205 | Lair:6   | HP: 26/132 [wind drake (6)]
 22604 | Lair:6   | HP: 59/132 [dream sheep (9)]
 23106 | Lair:6   | Reached skill level 18 in Axes
 23404 | Lair:6   | Reached XP level 15. HP: 139/139 MP: 21/21
 23408 | Lair:6   | Found a staircase to the Slime Pits.
 23410 | Lair:6   | Found a viscous altar of Jiyva.
 23727 | Lair:6   | Reached ****** piety under Qazlal
 23730 | Lair:6   | Reached skill level 11 in Dodging
 24556 | Lair:1   | HP: 65/139 [acid (9)]
 25129 | D:13     | Bought 2 potions of agility for 104 gold pieces
 25598 | D:14     | Reached skill level 15 in Fighting
 25599 | D:14     | HP: 68/141 [white ugly thing (28)]
 25602 | D:14     | HP: 32/141 [acid dragon/splash of acid (6)]
 25602 | D:14     | HP: 15/141 [acid (17)]
 26454 | D:15     | Entered Level 15 of the Dungeon
 26669 | D:15     | HP: 68/141 [ten-headed hydra (14)]
 27328 | D:15     | Reached skill level 19 in Axes
 27420 | D:15     | HP: 67/141 [ten-headed hydra (4)]
 27744 | D:15     | Found a staircase to the Depths.
 27852 | D:15     | Noticed Roxanne
 27867 | D:15     | Killed Roxanne
 27867 | D:15     | Reached skill level 9 in Invocations
 28333 | Snake:1  | Entered Level 1 of the Snake Pit
 28663 | Snake:1  | Noticed Josephine
 28670 | Snake:1  | Killed Josephine
 28771 | Snake:1  | Reached XP level 16. HP: 119/149 MP: 23/23
 29109 | Snake:1  | HP: 68/149 [nagaraja/poison arrow (33)]
 29114 | Snake:1  | HP: 56/149 [anaconda (5)]
 29122 | Snake:1  | HP: 43/149 [shock serpent/electric aura (3)]
 29128 | Snake:1  | HP: 46/149 [something (10)]
 29135 | Snake:1  | HP: 40/149 [black mamba (8)]
 29140 | Snake:1  | HP: 37/149 [poisoned by a black mamba]
 29145 | Snake:1  | HP: 18/149 [shock serpent/electric aura (14)]
 29152 | Snake:1  | HP: 32/149 [poisoned by a black mamba]
 29155 | Snake:1  | HP: 15/149 [naga warrior/battleaxe (6)]
 29163 | Snake:1  | HP: 14/149 [poisoned by a black mamba]
 29169 | Snake:1  | HP: 28/149 [poisoned by a black mamba]
 29175 | Snake:1  | HP: 43/149 [poisoned by a black mamba]
 29192 | Snake:1  | HP: 45/149 [naga sharpshooter/arrow (10)]
 29203 | Snake:1  | Reached skill level 12 in Dodging
 29212 | Snake:1  | HP: 32/149 [nagaraja/spear (7)]
 29696 | Snake:1  | HP: 75/150 [poisoned by a naga ritualist]
 29701 | Snake:1  | HP: 73/150 [poisoned by a naga ritualist]
 29707 | Snake:1  | HP: 72/150 [poisoned by a naga ritualist]
 29713 | Snake:1  | HP: 72/150 [poisoned by a naga ritualist]
 29721 | Snake:1  | HP: 73/150 [poisoned by a naga ritualist]
 30134 | Snake:1  | Reached skill level 10 in Invocations
 30558 | D:8      | Bought a scroll of teleportation for 30 gold pieces
 30558 | D:8      | Bought a scroll of teleportation for 30 gold pieces
 30558 | D:8      | Bought 2 scrolls of acquirement for 1040 gold pieces
 30560 | D:8      | Identified the amulet "Kughal" {+Rage rC+} (You acquired it on level 8 of the Dungeon)
 30563 | D:8      | Goblin1989: !lg ololoev
 30564 | D:8      | beem: 3297. ololoev the Firebug (L6 GnFE), blasted by Dowan (stone arrow) on D:6 on 2018-01-12 13:08:52, with 397 points after 3212 turns and 0:18:30.
 30564 | D:8      | theanonym: Кентавром прошёл он
 30570 | D:8      | Bought 2 potions of agility for 104 gold pieces
 30570 | D:8      | Bought a potion of haste for 130 gold pieces
 30570 | D:8      | Bought a potion of agility for 52 gold pieces
 30570 | D:8      | Bought a potion of agility for 52 gold pieces
 30570 | D:8      | Bought a potion of cancellation for 104 gold pieces
 30570 | D:8      | Bought a potion of lignification for 39 gold pieces
 30570 | D:8      | Bought a potion of agility for 52 gold pieces
 30736 | Snake:2  | Goblin1989: как спросить ссылку на его у бима?
 30737 | Snake:2  | theanonym: -log?
 30737 | Snake:2  | Goblin1989: да
 31001 | Snake:2  | Goblin1989: !lg ololev cefe -log
 31001 | Snake:2  | beem: No games for ololev (cefe).
 31005 | Snake:2  | HP: 74/150 [poisoned by a salamander]
 31010 | Snake:1  | HP: 61/150 [poisoned by a salamander]
 31015 | Snake:1  | HP: 48/150 [poisoned by a salamander]
 31020 | Snake:1  | HP: 44/150 [poisoned by a salamander]
 31025 | Snake:1  | HP: 41/150 [poisoned by a salamander]
 31030 | Snake:1  | HP: 40/150 [poisoned by a salamander]
 31037 | Snake:1  | HP: 39/150 [poisoned by a salamander]
 31044 | Snake:1  | HP: 40/150 [poisoned by a salamander]
 31052 | Snake:1  | HP: 40/150 [poisoned by a salamander]
 31365 | Snake:1  | Goblin1989: !won ololev cefe -log
 31365 | Snake:1  | beem: No games for ololev (cefe).
 31365 | Snake:1  | theanonym: Ник неправильный
 31403 | Snake:2  | Goblin1989: ах черт
 31404 | Snake:2  | Goblin1989: !lg ololoev cefe -log
 31405 | Snake:2  | beem: 12. ololoev, XL27 CeFE, T:91187: http://crawl.xtahua.com/crawl/morgue/ololoev/morgue-ololoev-20180112-122145.txt
 31443 | Snake:2  | HP: 60/151 [naga mage/orb of energy (24)]
 31448 | Snake:2  | HP: 58/151 [poisoned by a naga mage (bolt of poison)]
 31454 | Snake:2  | HP: 56/151 [poisoned by a naga mage (bolt of poison)]
 31457 | Snake:2  | Reached skill level 16 in Fighting
 31459 | Snake:2  | HP: 55/151 [poisoned by a naga mage (bolt of poison)]
 31465 | Snake:2  | HP: 55/151 [poisoned by a naga mage (bolt of poison)]
 31472 | Snake:1  | HP: 56/151 [poisoned by a naga mage (bolt of poison)]
 31480 | Snake:1  | HP: 57/151 [poisoned by a naga mage (bolt of poison)]
 31753 | Snake:2  | Reached skill level 20 in Axes
 31874 | Snake:2  | Found Xarahet's Magic Scroll Boutique.
 32151 | Snake:2  | Goblin1989: я помню как гноллом проходил игру когда они еще балгуттинами были, вот там треш был настоящий. начинаешь с аптами +6 и к уровню навыка 13 они до -6 опускаются
 32421 | Snake:3  | Goblin1989: и еще они были нежитью когда их только вводили
 32429 | Snake:3  | Goblin1989: а дня через два живыми стали
 32430 | Snake:3  | HP: 75/151 [naga ritualist/Olgreb's Toxic Radiance (4)]
 32438 | Snake:2  | theanonym: Гноллы неудачная иедя
 32438 | Snake:2  | Goblin1989: не, кноллы классная идея наоборот
 32438 | Snake:2  | theanonym: Какие-то бомжи на D2, а оказывается они все навыки качают
 32438 | Snake:2  | theanonym: Надо было получше название придумать
 32723 | Snake:3  | HP: 75/151 [poisoned by a naga ritualist (toxic radiance)]
 32728 | Snake:3  | HP: 70/151 [poisoned by a naga ritualist (toxic radiance)]
 32733 | Snake:3  | HP: 52/151 [poisoned by a naga (splash of poison)]
 32738 | Snake:3  | HP: 42/151 [poisoned by a naga (splash of poison)]
 32744 | Snake:3  | HP: 35/151 [poisoned by a naga (splash of poison)]
 32751 | Snake:3  | HP: 35/151 [poisoned by a naga (splash of poison)]
 32758 | Snake:3  | HP: 35/151 [poisoned by a naga (splash of poison)]
 32766 | Snake:3  | HP: 36/151 [poisoned by a naga (splash of poison)]
 32803 | Snake:3  | HP: 47/151 [naga/dire flail (2)]
 32809 | Snake:3  | HP: 43/151 [black mamba (3)]
 32814 | Snake:3  | HP: 40/152 [poisoned by a black mamba]
 32820 | Snake:3  | HP: 39/152 [poisoned by a black mamba]
 32828 | Snake:3  | HP: 39/152 [poisoned by a black mamba]
 32836 | Snake:3  | HP: 40/152 [poisoned by a black mamba]
 32836 | Snake:3  | HP: 17/152 [nagaraja/whip (5)]
 32838 | Snake:3  | Reached XP level 17. HP: 15/159 MP: 24/24
 33268 | Snake:3  | Goblin1989: ну только что название подкачало, но сама-то идея классная
 33533 | Snake:3  | Goblin1989: я вообще считаю гноллов и переделку палочек одной из лучших идей с 0.17 версии
 34117 | Snake:3  | Goblin1989: и до сих пор не могу простить дэвам версию 0.18, от которй только что и осталось что -амулет MR
 34117 | Snake:3  | Goblin1989: так
 34117 | Snake:3  | theanonym: Демигод бы подошёл для такой концепции но он уже занят
 34117 | Snake:3  | Goblin1989: не понял, а где армор скилл?
 34117 | Snake:3  | theanonym: У драконов нет брони
 34117 | Snake:3  | Goblin1989: рю забрал?
 34117 | Snake:3  | Goblin1989: а, ты дракон
 34117 | Snake:3  | theanonym: Вообще нет
 34117 | Snake:3  | theanonym: 6 акваров
 34117 | Snake:3  | Goblin1989: почему-то думал что демонспавн, даже не прочитал правый верхний улог
 34117 | Snake:3  | theanonym: К 17 уровню
 34260 | Lair:2   | Goblin1989: норм
 34380 | D:13     | Bought a scroll of acquirement for 676 gold pieces
 34380 | D:13     | Goblin1989: эх, работать пора
 34381 | D:13     | Got a fine cloak
 34392 | D:13     | Identified the +2 cloak "Gutavon" {MR+ Int+6} (You acquired it on level 13 of the Dungeon)
 34393 | D:13     | Goblin1989: бзял на выходные халтурку тут одну
 34393 | D:13     | theanonym: Так уже суббота
 34393 | D:13     | Goblin1989: два дня поработать и 4000 уже в кармане за нее лежат
 34549 | Shoals:1 | Entered Level 1 of the Shoals
 34609 | Shoals:1 | Reached skill level 13 in Dodging
 34979 | Shoals:1 | HP: 79/160 [sea snake (4)]
 34984 | Shoals:1 | HP: 44/160 [poisoned by a sea snake]
 34989 | Shoals:1 | HP: 33/160 [poisoned by a sea snake]
 34994 | Shoals:1 | HP: 26/160 [poisoned by a sea snake]
 34999 | Shoals:1 | HP: 22/160 [poisoned by a sea snake]
 35004 | Shoals:1 | HP: 20/160 [poisoned by a sea snake]
 35010 | Shoals:1 | HP: 18/160 [poisoned by a sea snake]
 35015 | Shoals:1 | HP: 18/160 [poisoned by a sea snake]
 35022 | Shoals:1 | HP: 18/160 [poisoned by a sea snake]
 35030 | Shoals:1 | HP: 19/160 [poisoned by a sea snake]
 35884 | Shoals:2 | Found Inwumet's General Store.
 35913 | Shoals:2 | HP: 74/160 [alligator snapping turtle (18)]
 35926 | Shoals:2 | HP: 75/160 [snapping turtle (4)]
 36180 | Shoals:2 | HP: 77/160 [merfolk javelineer/javelin (6)]
 36192 | Shoals:2 | HP: 68/160 [wind drake/the air (7)]
 36198 | Shoals:2 | HP: 67/160 [wind drake/the air (3)]
 36703 | Orc:2    | Bought a shield for 144 gold pieces
 36995 | Shoals:2 | Reached skill level 1 in Shields
 37003 | Shoals:2 | Reached skill level 17 in Fighting
 37104 | Shoals:2 | Noticed a kraken
 37139 | Shoals:2 | HP: 60/161 [tentacle[a kraken] (23)]
 37155 | Shoals:2 | Reached skill level 2 in Shields
 37179 | Shoals:2 | Killed a kraken
 37670 | Shoals:2 | Reached skill level 3 in Shields
 37953 | Shoals:3 | HP: 80/161 [wind drake/the air (11)]
 38205 | Shoals:3 | Reached skill level 4 in Shields
 38214 | Shoals:3 | HP: 66/161 [sea snake (15)]
 38219 | Shoals:2 | HP: 42/161 [sea snake (8)]
 38711 | Shoals:3 | Reached skill level 5 in Shields
 38945 | Shoals:3 | HP: 71/161 [frost giant/bolt of cold (63)]
 38946 | Shoals:3 | HP: 33/161 [frost giant/bolt of cold (38)]
 40072 | Snake:4  | Entered Level 4 of the Snake Pit
 40072 | Snake:4  | Noticed Vashnia
 40093 | Snake:4  | Reached skill level 6 in Shields
 40160 | Snake:4  | Killed Vashnia
 40160 | Snake:4  | Reached XP level 18. HP: 111/170 MP: 25/25
 40380 | Snake:4  | Noticed p0werm0de's ghost (journeyman DDFi)
 40393 | Snake:4  | HP: 82/170 [p0werm0de's ghost (11)]
 40404 | Snake:4  | HP: 54/170 [p0werm0de's ghost (29)]
 40407 | Snake:4  | Killed p0werm0de's ghost
 40407 | Snake:4  | Reached skill level 7 in Shields
 40642 | Snake:4  | HP: 85/170 [poisoned by a guardian serpent (bolt of poison)]
 40647 | Snake:4  | HP: 82/170 [poisoned by a guardian serpent (bolt of poison)]
 40652 | Snake:4  | HP: 80/170 [poisoned by a guardian serpent (bolt of poison)]
 40659 | Snake:4  | HP: 79/170 [poisoned by a guardian serpent (bolt of poison)]
 40666 | Snake:4  | HP: 79/170 [poisoned by a guardian serpent (bolt of poison)]
 40674 | Snake:4  | HP: 80/170 [poisoned by a guardian serpent (bolt of poison)]
 41058 | Snake:4  | HP: 84/170 [naga warrior/long sword (6)]
 41081 | Snake:4  | HP: 85/171 [naga warrior/halberd of venom (7)]
 41086 | Snake:4  | HP: 66/171 [naga warrior/halberd of venom (3)]
 41091 | Snake:4  | HP: 53/171 [poisoned by a naga warrior (splash of poison)]
 41096 | Snake:4  | HP: 44/171 [poisoned by a naga warrior]
 41101 | Snake:4  | HP: 41/171 [naga warrior/trident (1)]
 41113 | Snake:4  | HP: 58/171 [naga sharpshooter/splash of poison (4)]
 41117 | Snake:4  | Reached skill level 8 in Shields
 41120 | Snake:4  | HP: 60/171 [poisoned by a naga sharpshooter (splash of poison)]
 41130 | Snake:4  | HP: 61/171 [poisoned by a naga sharpshooter (splash of poison)]
 41135 | Snake:4  | HP: 62/171 [poisoned by a naga sharpshooter (splash of poison)]
 41691 | Snake:4  | HP: 77/171 [mana viper (20)]
 41696 | Snake:4  | HP: 58/171 [poisoned by a naga ritualist (toxic radiance)]
 41701 | Snake:4  | HP: 53/171 [poisoned by a naga ritualist (toxic radiance)]
 41706 | Snake:4  | HP: 34/171 [poisoned by a naga ritualist (toxic radiance)]
 41733 | Snake:4  | HP: 36/171 [naga ritualist/Olgreb's Toxic Radiance (1)]
 41738 | Snake:4  | HP: 28/171 [poisoned by a naga ritualist (toxic radiance)]
 41743 | Snake:4  | HP: 21/171 [poisoned by a naga ritualist (toxic radiance)]
 41749 | Snake:4  | HP: 19/171 [poisoned by a naga ritualist (toxic radiance)]
 41760 | Snake:4  | HP: 28/171 [naga ritualist/Olgreb's Toxic Radiance (1)]
 41765 | Snake:4  | HP: 17/171 [poisoned by a naga ritualist (toxic radiance)]
 41770 | Snake:4  | HP: 15/171 [poisoned by a naga ritualist (toxic radiance)]
 41779 | Snake:4  | Reached skill level 9 in Shields
 41822 | Snake:4  | HP: 27/171 [black mamba (9)]
 42264 | Snake:4  | Reached skill level 18 in Fighting
 42863 | Snake:4  | Reached skill level 10 in Shields
 43182 | Snake:4  | Got a serpentine rune of Zot
 43552 | Vaults:1 | Entered Level 1 of the Vaults
 43589 | Vaults:1 | HP: 86/172 [vault warden/broad axe of draining (13)]
 43595 | Vaults:1 | HP: 52/172 [skeletal warrior/glaive (19)]
 43604 | Vaults:1 | HP: 11/172 [ogre mage/bolt of poison (27)]
 43609 | Vaults:1 | HP: 38/172 [something (2)]
 43652 | Vaults:1 | HP: 26/172 [death knight/glaive of protection (20)]
 44297 | Vaults:1 | Reached skill level 21 in Axes
 45625 | Vaults:2 | Reached XP level 19. HP: 114/181 MP: 21/26
 45633 | Vaults:2 | HP: 82/181 [vault warden/great sword of draining (35)]
 45638 | Vaults:2 | HP: 63/181 [vault guard/glaive[a vault warden] (8)]
 45645 | Vaults:2 | HP: 56/181 [vault guard/halberd[a vault warden] (10)]
 45683 | Vaults:2 | HP: 62/181 [yaktaur (9)]
 45751 | Vaults:2 | HP: 87/181 [vault sentinel/falchion (2)]
 45829 | Vaults:2 | HP: 83/181 [vault guard/war axe[a vault warden] (16)]
 45836 | Vaults:2 | HP: 55/181 [vault guard/enchanted great sword[a vault warden] (12)]
 46286 | Vaults:2 | Reached skill level 14 in Dodging
 46477 | Vaults:2 | Reached skill level 19 in Fighting
 46788 | Vaults:2 | HP: 73/182 [phantasmal warrior[a death knight] (21)]
 46793 | Vaults:2 | Paralysed by a great orb of eyes for 7 turns
 46795 | Vaults:2 | HP: 57/182 [ironbrand convoker/enchanted great mace (19)]
 46796 | Vaults:2 | HP: 19/182 [ironbrand convoker/enchanted great mace (16)]
 46797 | Vaults:2 | Annihilated by a death knight

Vanquished Creatures
  Vashnia (Snake:4)
  Rupert (Orc:2)
  A kraken (Shoals:2)
  Roxanne (D:15)
  9 nagarajas
  The ghost of p0werm0de the Demolition Dwarf, a journeyman DDFi of Makhleb (Snake:4)
  A frost giant (Shoals:3)
  2 vault wardens (Vaults:2)
  An ironheart preserver (Vaults:2)
  2 stone giants (Vaults:2)
  2 merfolk javelineers (Shoals:3)
  2 merfolk impalers
  An ettin (Vaults:1)
  2 fire dragons
  3 yaktaur captains
  6 vault guards (Vaults:2)
  Josephine (Snake:1)
  A rakshasa (Vaults:2)
  Fannar (Lair:1)
  3 ogre magi
  Erolcha (Orc:1)
  7 hydras
  18 naga warriors
  3 death yaks (Lair:6)
  3 merfolk avatars
  3 centaur warriors
  An ice dragon (D:15)
  Erica (D:8)
  19 anacondas
  2 merfolk aquamancers
  A death knight (Vaults:1)
  8 two-headed ogres
  7 orc high priests (Orc:2)
  6 shock serpents
  13 naga sharpshooters
  A sun demon (Orc:2)
  7 skeletal warriors
  2 deep elf knights (Vaults:2)
  A shadow wraith (Vaults:1)
  3 salamander mystics (Snake:3)
  7 sea snakes
  3 deep elf archers
  2 wizards
  A torturous demonspawn (Orc:2)
  11 naga ritualists
  2 gelid demonspawn (Orc:2)
  A lindwurm (shapeshifter) (Vaults:1)
  A phantasmal warrior (Vaults:2)
  Pikel (D:5)
  20 ugly things
  10 orc knights
  2 wolf spiders (Vaults:1)
  11 harpies
  12 fauns
  2 deep elf magi (Vaults:2)
  3 ironbrand convokers
  7 mana vipers
  3 oklob plants (Lair:1)
  6 orc sorcerers
  16 cyclopes
  13 salamanders
  15 manticores
  2 manticores (shapeshifter)
  45 black mambas
  5 vault sentinels
  2 merfolk sirens (Shoals:3)
  5 guardian serpents
  32 naga magi
  8 elephants
  Joseph (D:9)
  A water nymph (Shoals:3)
  9 spiny frogs
  4 freezing wraiths
  14 yaktaurs
  22 komodo dragons
  3 rime drakes
  2 efreet
  6 trolls
  A troll (shapeshifter) (Vaults:1)
  5 polar bears
  A red devil (Orc:2)
  A meliai (shapeshifter) (Vaults:2)
  6 wind drakes
  12 merfolk
  3 hornets
  4 slime creatures (Vaults:1)
  24 dream sheep
  A meliai zombie (D:13)
  A human simulacrum (Vaults:1)
  11 hippogriffs
  6 snapping turtles
  12 blink frogs
  A shadow (D:15)
  A vampire (D:11)
  A spriggan (D:8)
  4 wraiths
  81 yaks
  Sigmund (D:6)
  7 water elementals
  Eustachio (D:5)
  4 basilisks
  5 wyverns
  A neqoxec (Orc:2)
  4 vampire mosquitoes (D:14)
  6 hungry ghosts
  Menkaure (D:6)
  7 wargs
  A chaos spawn (Orc:2)
  A soldier ant (D:13)
  58 nagas
  An acid dragon (D:14)
  8 water moccasins
  6 porcupines
  5 ice beasts
  4 sky beasts
  36 orc warriors
  2 black bears
  A phantom (D:12)
  An eye of draining (D:15)
  6 wolves (Lair:2)
  10 centaurs
  4 boggarts (D:15)
  11 ogres
  11 crocodiles
  19 bullfrogs
  A gnoll sergeant (D:8)
  2 scorpions
  3 killer bees (D:11)
  2 howler monkeys (D:11)
  3 wights (D:6)
  5 hounds
  3 bullfrog zombies
  4 centaur zombies
  6 crimson imps
  31 orc priests
  8 jellies
  Crazy Yiuf (D:5)
  16 orc wizards
  4 centaur skeletons
  3 bullfrog skeletons
  4 iguanas
  10 worker ants
  7 hell rats (Lair:3)
  A killer bee zombie (D:7)
  2 hound skeletons
  A worker ant zombie (D:8)
  3 gnolls (D:8)
  9 adders
  2 shadow imps
  3 oozes
  2 adder zombies
  An adder skeleton (D:9)
  2 worms
  A dart slug (D:3)
  9 leopard geckos
  106 orcs
  A ball python (D:3)
  5 giant cockroaches
  3 goblins
  2 hobgoblins
  3 jackals (D:3)
  2 kobolds
  5 quokkas
  7 bats
  4 frilled lizards
  3 rats
  5 fungi
  11 plants
  3 tentacles (Shoals:2)
1166 creatures vanquished.

Vanquished Creatures (collateral kills)
  Gastronok (Lair:1)
  A nagaraja (Snake:2)
  A vault warden (Vaults:1)
  2 hydras
  An alligator snapping turtle (Shoals:2)
  A satyr (Shoals:2)
  A shock serpent (Snake:2)
  A skeletal warrior (D:13)
  A sea snake (Shoals:3)
  A phantasmal warrior (Vaults:2)
  An orc knight (Vaults:1)
  A faun (Shoals:2)
  A black mamba (Snake:4)
  A naga mage (Snake:3)
  A naga (Snake:2)
  An orc warrior (D:15)
  A sky beast (D:15)
  An orc wizard (Vaults:1)
  3 orcs
22 creatures vanquished.

Vanquished Creatures (others)
  A merfolk javelineer (Shoals:2)
  2 centaur warriors
  2 naga sharpshooters
  A deep elf knight (Vaults:2)
  A naga mage (Snake:4)
  A water elemental (Shoals:1)
  3 slaves (D:5)
  2 centaurs
  A scorpion (D:5)
  A crimson imp (D:5)
  2 adders
  An orc (D:10)
  28 fungi
  59 plants
  19 tentacles (Shoals:2)
124 creatures vanquished.

Grand Total: 1312 creatures vanquished

Table legend:
 A = Turns spent in this place as a percentage of turns spent in the entire game.
 B = Non-inter-level travel turns spent in this place as a percentage of non-inter-level travel turns spent in the entire game.
 C = Inter-level travel turns spent in this place as a percentage of turns spent in this place.
 D = Turns resting spent in this place as a percentage of non-inter-level travel turns spent in this place.
 E = Turns spent auto-exploring this place as a percentage of non-inter-level travel turns spent in this place.
 F = Non-inter-level travel turns spent in this place divided by the number of levels of this place that you've seen.
                   A       B       C       D       E      F
               +-------+-------+-------+-------+-------+----------------------
         Total | 100.0 | 100.0 |   6.6 |  44.7 |  38.6 | 1324.0
       Dungeon |  35.6 |  35.5 |   7.1 |  37.3 |  47.1 | 1032.7
        Temple |   0.4 |   0.4 |  11.3 |   0.0 |  98.1 | 157.0
          Lair |  17.5 |  16.7 |  10.9 |  34.9 |  51.0 | 1216.5
        Shoals |  10.8 |  11.1 |   3.9 |  55.6 |  27.0 | 1621.3
     Snake Pit |  19.3 |  19.5 |   5.9 |  54.8 |  26.2 | 2126.2
  Orcish Mines |  10.2 |  10.4 |   4.6 |  59.4 |  23.3 | 2271.0
        Vaults |   6.2 |   6.5 |   1.9 |  40.2 |  39.0 | 1416.5
               +-------+-------+-------+-------+-------+----------------------
